 Dungeon Crawl Stone Soup version 0.30-a0-354-g6b83867211 (webtiles) character file.

Game seed: 6296082380216041255

137 Tocho the Ogre Mage (level 5, 0/69 HPs)
             Began as an Ogre Fire Elementalist on Nov 7, 2022.
             Was an Initiate of Sif Muna.
             Succumbed to an orc wizard's poison
             ... on level 3 of the Dungeon.
             The game lasted 00:08:59 (3467 turns).

Tocho the Ogre Mage (Ogre Fire Elementalist)        Turns: 3467, Time: 00:09:00

Health: 0/69       AC:  3    Str: 12    XL:     5   Next: 20%
Magic:  3/10       EV: 14    Int: 18    God:    Sif Muna [......]
Gold:   172        SH:  0    Dex: 15    Spells: 8/11 levels left

rFire   . . .      SeeInvis .    m - +1 war axe (elec)
rCold   . . .      Faith    .    (no shield)
rNeg    . . .      Spirit   .    u - +0 robe
rPois   .          Reflect  .    (helmet restricted)
rElec   .          Harm     .    (no cloak)
rCorr   .          Rampage  .    (gloves unavailable)
Will    .....      Clarity  +    (boots unavailable)
Stlth   ..........               (no amulet)
HPRegen 0.31/turn                c - +6 ring of dexterity
MPRegen 0.12/turn                e - +4 ring of evasion

@: brilliant, berserking, lethally poisoned (0 -> -1), attractive, very quick
A: large, unfitting armour, tough skin 1, claws 1, clarity
a: Renounce Religion


You were on level 3 of the Dungeon.
You worshipped Sif Muna.
Sif Muna was noncommittal.
You visited 1 branch of the dungeon, and saw 3 of its levels.

You collected 172 gold pieces.

Inventory:

Hand Weapons
 d - a +0 club
 l - a +0 vorpal mace
 m - a +1 war axe of electrocution (weapon)
Armour
 u - a +0 robe (worn)
Jewellery
 a - a ring of positive energy
 c - a +6 ring of dexterity (left claw)
 e - a +4 ring of evasion (right claw)
Scrolls
 f - 2 scrolls of teleportation {unknown}
 g - 2 scrolls of identify {unknown}
 h - a scroll of torment {unknown}
 k - 2 scrolls of butterflies {unknown}
 n - a scroll of immolation {unknown}
 p - a scroll of magic mapping {unknown}
 s - a scroll of enchant armour {unknown}
 t - a scroll of brand weapon {unknown}
Potions
 b - 2 potions of magic
 r - a potion of lignification {unknown}


   Skills:
 + Level 0.8 Fighting
 + Level 1.2(1.3) Axes
 + Level 0.3(0.8) Maces & Flails
 + Level 2.3 Dodging
 + Level 1.9 Stealth
 + Level 3.5 Spellcasting
 + Level 1.8 Conjurations
 + Level 3.2 Fire Magic


You had 8 spell levels left.
You knew the following spells:

 Your Spells              Type           Power      Damage    Failure   Level
a - Foxfire               Conj/Fire      72%        2x1d7     5%          1
b - Scorch                Fire           44%        2d7       6%          2

Your spell library contained the following spells:

 Spells                   Type           Power      Damage    Failure   Level
 Summon Small Mammal      Summ           16%        N/A       16%         1
 Inner Flame              Hex/Fire       13%        N/A       24%         3
 Kindle Blastsparks       Fire/Tloc/Air  20%        2d11      30%         3
 Flame Wave               Conj/Fire      18%        2d7       47%         4


Dungeon Overview and Level Annotations

Branches:
Dungeon (3/15)

Altars:
Sif Muna


Innate Abilities, Weirdness & Mutations

You are too large for most types of armour.
You have tough skin. (AC +1)
You have sharp fingernails.
You possess an exceptional clarity of mind.


Message History

Press: ? - help, Q - select action, (/) - cycle Dir - look around, f - activate You conjure some foxfire!
The foxfire hits something but does no damage. x2
The orc closely misses you. Something hits you.
* * * LOW HITPOINT WARNING * * *
Something hits you.
* * * LOW HITPOINT WARNING * * *
You are poisoned.
You feel sick.
The foxfire hits something.
Sif Muna accepts your kill.
Reactivating autopickup.
You feel a bit more experienced.
The foxfire hits the orc.
The orc is lightly wounded.
You have reached level 5!
It was a potion of brilliance.
You feel clever all of a sudden.
You feel sick. The orc barely misses you.
It was a potion of attraction.
You feel attractive to monsters.
You feel sick. The orc hits you with a +0 whip.
* * * LOW HITPOINT WARNING * * *
The orc misses you.
It was a potion of mutation.
You feel extremely strange.
Your thoughts seem clearer.
Your fingernails lengthen.
* * * LOW HITPOINT WARNING * * *
You feel sick. The orc closely misses you. The orc hits you but does no damage.
It was a potion of berserk rage.
A red film seems to cover your vision as you go berserk!
You feel yourself moving faster!
You feel mighty!
* * * LOW HITPOINT WARNING * * *
You feel sick. The orc hits you with a +0 whip.
* * * LOW HITPOINT WARNING * * *
The orc closely misses you.
You are too berserk!
You barely miss the orc.
The orc is lightly wounded.
You slash the orc!
You kill the orc!
Sif Muna accepts your kill.
You die...

##### ##...## #
####.....####### # .#.#
#...))o@.......# #
...#######.##..)..#####.#
# ..oo.{.....#.....## #.#
# ...########.....## #.#
# ...## ##...## #.# #
.#.. ..# ##.## #.# # #.#
#.# #.# #.# # .#.# #.#
#.# #.# .#.####.# ##'##
#.#


You could see an orc.

Vanquished Creatures
  Jessica (D:2)
  An orc wizard (D:3)
  An adder (D:3)
  4 worms
  3 dart slugs
  3 orcs (D:3)
  6 endoplasms
  A giant cockroach (D:1)
  5 goblins
  5 hobgoblins
  6 jackals (D:2)
  2 quokkas
  4 ball pythons
  4 bats
  3 frilled lizards (D:1)
  4 kobolds
  3 rats
56 creatures vanquished.

Vanquished Creatures (collateral kills)
  A foxfire (D:1)
1 creature vanquished.

Vanquished Creatures (others)
  133 foxfires
133 creatures vanquished.

Grand Total: 190 creatures vanquished

Notes
Turn   | Place    | Note
-------+----------+-------------------------------------------
     0 | D:1      | Tocho the Ogre Fire Elementalist began the quest for the
                  | Orb.
     0 | D:1      | Reached XP level 1. HP: 16/16 MP: 3/3
   100 | D:1      | Found a faded altar of an unknown god.
   120 | D:1      | Got Plato's Book of Convocation
   178 | D:1      | Reached skill level 1 in Conjurations
   299 | D:1      | Reached XP level 2. HP: 23/24 MP: 2/5
  1295 | D:2      | Reached XP level 3. HP: 30/31 MP: 1/7
  1327 | D:2      | Learned a level 2 spell: Scorch
  1689 | D:2      | Found a shimmering blue altar of Sif Muna.
  1703 | D:2      | Became a worshipper of Sif Muna the Loreminder
  2062 | D:2      | Noticed Jessica
  2069 | D:2      | Killed Jessica
  2070 | D:2      | Reached XP level 4. HP: 32/39 MP: 1/8
  3279 | D:3      | Reached skill level 1 in Axes
  3463 | D:3      | Reached XP level 5. HP: 9/46 MP: 2/10
  3464 | D:3      | HP: 2/46 [orc/+0 whip (5)]
  3465 | D:3      | Gained mutation: You possess an exceptional clarity of
                  | mind. [potion of mutation]
  3465 | D:3      | Gained mutation: You have sharp fingernails. [potion of
                  | mutation]
  3467 | D:3      | Succumbed to an orc wizard's poison

Illustrated notes

Levels and vault maps discovered:
D:1:      dpeg_arrival_renting, layout_basic,
          shapermc_ecumenical_altar_rom_forum, hex_medium,
          minmay_strange_pillars
D:2:      layout_loops_corners, basic_altar, minmay_pentomino_r2, uniq_jessica
D:3:      layout_loops_corners

Skill      XL: |  1  2  3  4 |
---------------+-------------+-----
Conjurations   | 1 |  1.8
Dodging        | 2 |  2.3
Fire Magic     | 3 |  3.2
Spellcasting   | 3 |  3.5
Axes           | 1 |  1.2
Fighting       | |  0.8
Maces & Flails | |  0.3
Stealth        | |  1.9

Action                   |  1- 3 |  4- 6 || total
-------------------------+-------+-------++-------
Melee: Unarmed           |    11 |       ||    11
       Club              |    65 |       ||    65
       Punch             |     2 |       ||     2
       Mace              |     4 |       ||     4
       War axe           |     2 |    46 ||    48
 Cast: Foxfire           |    47 |    38 ||    85
       Scorch            |       |     7 ||     7
  Use: Potion            |       |     4 ||     4
 Stab: Sleeping          |     1 |     2 ||     3
Armor: Robe              |    24 |     7 ||    31
Dodge: Dodged            |    76 |    38 ||   114

Table legend: (Time is in decaauts)
 A = Elapsed time spent in this place.
 B = Non-inter-level travel time spent in this place.
 C = Inter-level travel time spent in this place.
 D = Time resting spent in this place.
 E = Time spent auto-exploring this place.
 F = Levels seen in this place.
 G = Mean time per level.
                   A        B        C        D        E       F      G
               +--------+--------+--------+--------+--------+-----+--------+
         Total |   3506 |   3464 |     42 |      0 |   2746 |   3 | 1168.7 |
       Dungeon |   3506 |   3464 |     42 |      0 |   2746 |   3 | 1168.7 |
               +--------+--------+--------+--------+--------+-----+--------+

Top non-repeatable levels by time:
     D:1: 1274 daAuts
     D:2: 1254 daAuts
     D:3: 977 daAuts
